 Dungeon Crawl Stone Soup version 0.32-a0-411-g744942f433 (webtiles) character file.

Game seed: 12623395832213481316

3208 CougarLife the Geomancer (level 9, 0/45 HPs)
             Began as a Gargoyle Earth Elementalist on Feb 21, 2024.
             Was an Initiate of Gozag.
             Slain by a hound (5 damage)
             ... on level 7 of the Dungeon.
             The game lasted 00:09:41 (6716 turns).

CougarLife the Geomancer (GrEE)                     Turns: 6716, Time: 00:09:41

Health: 0/45       AC:  9    Str: 11    XL:     9   Next: 97%
Magic:  8/20       EV: 11    Int: 21    God:    Gozag
Gold:   72         SH:  0    Dex: 10    Spells: 19/23 levels left

rFire   . . .        (no weapon)
rCold   . . .        (no shield)
rNeg    + . .        a - +0 robe
rPois   ∞            (no helmet)
rElec   +            g - +0 cloak
rCorr   .            (no gloves)
SInv    .            (no boots)
Will    .....        (no amulet)
Stlth   ++           (no ring)
HPRegen 0.27/turn    (no ring)
MPRegen 0.17/turn

%: no passive effects
@: gold aura
A: sickness immunity, AC +6, negative energy resistance 1, electricity
resistance, torment resistance 1, petrification resistance
a: Renounce Religion, Potion Petition, Call Merchant, Bribe Branch


You were on level 7 of the Dungeon.
You worshipped Gozag.
Gozag was noncommittal.
You visited 2 branches of the dungeon, and saw 9 of its levels.
You also visited: Bailey.

You collected 734 gold pieces.
You paid 662 gold pieces to Gozag.

Inventory:

Hand Weapons
 l - the +7 dagger of Intimidation {flame, rElec}
   (You found it on level 3 of the Dungeon)

   rElec:     It insulates you from electricity.
Armour
 a - a +0 robe (worn)
 g - a +0 cloak (worn)
Jewellery
 v - a +6 ring of dexterity
Wands
 n - a wand of polymorph (9)
Scrolls
 h - a scroll of noise
 i - a scroll of silence
 j - 2 scrolls of enchant weapon
 k - a scroll of torment
 m - 2 scrolls of teleportation {unknown}
 p - 2 scrolls of vulnerability {unknown}
 s - a scroll of fog {unknown}
 t - a scroll of immolation {unknown}
 w - a scroll of revelation {unknown}
 x - a scroll of summoning {unknown}
Potions
 b - a potion of magic
 c - a potion of might {unknown}
 d - a potion of mutation {unknown}
 o - a potion of enlightenment {unknown}
 q - a potion of haste {unknown}
 r - 2 potions of curing
 u - 2 potions of degeneration {unknown}


   Skills:
 - Level 1.5 Dodging
 - Level 2.1 Stealth
 + Level 7.5 Spellcasting
 + Level 8.6 Conjurations
 + Level 10.1 Earth Magic


You had 19 spell levels left.
You knew the following spells:

 Your Spells              Type           Power      Damage    Failure   Level
a - Sandblast             Erth           100%       2d20      1%          1
b - Stone Arrow           Conj/Erth      94%        3d12      1%          3

Your spell library contained the following spells:

 Spells                   Type           Power      Damage    Failure   Level
 Sting                    Conj/Alch      100%       1d9       1%          1
 Passwall                 Erth           50%        N/A       1%          3
 Brom's Barrelling Bould  Conj/Erth      47%        2d6       1%          4
 Petrify                  Alch/Erth      29%        N/A       11%         4
 Mercury Vapours          Alch/Air       14%        N/A       13%         2
 Flame Wave               Conj/Fire      26%        2d8       14%         4
 Inner Flame              Hex/Fire       7%         N/A       26%         3
 Olgreb's Toxic Radiance  Alch           7%         N/A       63%         4
 Sticky Flame             Fire/Alch      7%         2d4       63%         4


Dungeon Overview and Level Annotations

Branches:
Dungeon (8/15)             Temple (1/1) D:7          Bailey (visited)
   Lair: D:8-11

Altars:
Elyvilon
Fedhas
Gozag
Hepliaklqana
Makhleb
Nemelex Xobeh
Okawaru
Qazlal
Ru
Sif Muna
Trog
Uskayaw
Wu Jian
Xom
Zin
The Shining One

Shops:
D:5 (

Annotations:
D:7 3 runed translucent doors, seaofthunder's ghost, novice MDFi; zenocrate's ghost, novice TrDe


Innate Abilities, Weirdness & Mutations

You are immune to sickness and miasma.
Your stone body is resilient. (AC +6)
You are immune to poison.
You resist negative energy. (rN+)
You are resistant to electric shocks. (rElec)
You are resistant to unholy torment.
You are immune to petrification.


Message History

Confirm with . or Enter, or press ? or * to list all spells.
Aiming: Stone Arrow (safe; 1% risk of failure)
Press: ? - help, Shift-Dir - straight line, f - gnoll sergeant
Aim: a gnoll sergeant, wielding a +3 heavy spear, wearing a +0 ring mail and wearing a +2 kite shield of protection (85% to hit)
The gnoll sergeant blocks the stone arrow.
The hound misses you. The ufetubus closely misses you.
The ufetubus barely misses you.
The gnoll sergeant hits you with a +3 heavy spear.
* * * LOW HITPOINT WARNING * * *
The hound barely misses you.
Casting: Stone Arrow (safe; 1% risk of failure)
Confirm with . or Enter, or press ? or * to list all spells.
Aiming: Stone Arrow (safe; 1% risk of failure)
Press: ? - help, Shift-Dir - straight line, f/p - gnoll sergeant
Aim: a gnoll sergeant, wielding a +3 heavy spear, wearing a +0 ring mail and wearing a +2 kite shield of protection (85% to hit)
The gnoll sergeant blocks the stone arrow.
The ufetubus hits you.
* * * LOW HITPOINT WARNING * * *
The ufetubus hits you.
* * * LOW HITPOINT WARNING * * *
The hound closely misses you. The ufetubus barely misses you.
The ufetubus hits you but does no damage.
Blink to where?
Press: ? - help, Dir - move target, p - gnoll sergeant
As you read the scroll of blinking, it crumbles to dust.
There are monsters nearby!
You are no longer corroded.
The hound bites you but does no damage. The hound attacks as it pursues you!
The hound bites you but does no damage.
There is a stone staircase leading down here.
Casting: Stone Arrow (safe; 1% risk of failure)
Confirm with . or Enter, or press ? or * to list all spells.
Aiming: Stone Arrow (safe; 1% risk of failure)
Press: ? - help, Shift-Dir - straight line, f - ufetubus
Aim: an ufetubus (60% to hit)
The stone arrow hits the ufetubus!!
You kill the ufetubus!
The hound bites you.
You die...
Your body crumbles into a pile of gold.

#..###.# #.##
#...##.# #..##
#.#....## ##...
##.#..#..########
#..#..##.....# #
#.##..######.# #
#.#..## #.####
##....# #..#..
#@..#.# ##...#
#h$##.# #..##
#..##.# #####
#..##.# # #..##.#
# #.###.#
######.# #.#
#......# #.##
#......# #..# ##


You could see a hound.

Vanquished Creatures
  Prince Ribbit (D:7)
  Sigmund (D:4)
  A yak (D:7)
  Menkaure (D:4)
  A water moccasin (D:7)
  A black bear (D:5)
  10 orc warriors (Bailey)
  3 ice beasts
  2 centaurs
  A bullfrog (D:7)
  2 scorpions
  3 wights (D:6)
  A howler monkey (D:6)
  A bombardier beetle (D:7)
  2 hounds (D:4)
  3 jellies
  2 sleepcaps
  2 orc wizards
  3 iguanas
  Natasha (thrice) (D:4)
  An adder (D:3)
  7 gnolls (Bailey)
  An ufetubus (D:7)
  3 dart slugs
  3 ribbon worms
  17 orcs
  3 bats
  5 endoplasms
  A giant cockroach (D:3)
  16 goblins
  11 hobgoblins
  2 jackals (D:3)
  9 kobolds
  6 quokkas
  3 ball pythons
  4 frilled lizards
  5 rats
141 creatures vanquished.

Notes
Turn   | Place    | Note
-------+----------+-------------------------------------------
     0 | D:1      | CougarLife the Gargoyle Earth Elementalist began the quest
                  | for the Orb.
     0 | D:1      | Reached XP level 1. HP: 10/10 MP: 3/3
   103 | D:1      | Reached XP level 2. HP: 15/15 MP: 0/5
   177 | D:1      | You fall into a shaft and drop 1 floor!
   226 | D:2      | Reached skill level 4 in Earth Magic
   495 | D:2      | Reached XP level 3. HP: 19/19 MP: 2/6
  1529 | D:3      | Reached XP level 4. HP: 24/24 MP: 6/8
  1838 | D:3      | Identified the +7 dagger of Intimidation {flame, rElec}
  2118 | D:3      | Learned a level 3 spell: Stone Arrow
  2142 | D:4      | Reached XP level 5. HP: 21/28 MP: 4/9
  2264 | D:4      | Reached skill level 5 in Earth Magic
  2350 | D:4      | Noticed Menkaure
  2353 | D:4      | Noticed Sigmund
  2363 | D:4      | Killed Menkaure
  2363 | D:4      | HP: 1/28 [Sigmund/+0 scythe (3)]
  2364 | D:4      | Reached XP level 6. HP: 2/32 MP: 5/11
  2374 | D:4      | Killed Sigmund
  2456 | D:4      | Reached skill level 6 in Earth Magic
  2606 | D:4      | Reached XP level 7. HP: 32/36 MP: 8/13
  2910 | D:4      | Noticed Natasha
  2916 | D:4      | Killed Natasha
  3356 | D:4      | Noticed Natasha
  3358 | D:4      | Killed Natasha
  3449 | D:4      | Noticed Natasha
  3492 | D:4      | Killed Natasha
  3493 | D:4      | Reached skill level 5 in Conjurations
  3516 | D:5      | Entered Level 5 of the Dungeon
  3547 | D:5      | Found Zekir's Hydra Hut.
  3549 | D:5      | Noticed a four-headed hydra
  3724 | D:5      | Reached skill level 7 in Earth Magic
  3736 | D:5      | Reached skill level 5 in Spellcasting
  3736 | D:5      | Reached XP level 8. HP: 22/41 MP: 1/15
  4529 | D:6      | Reached skill level 8 in Earth Magic
  4994 | D:7      | Found a runed translucent gate.
  4995 | D:7      | Found a runed translucent gate.
  4995 | D:7      | Found a runed translucent gate.
  4996 | D:7      | Noticed seaofthunder's ghost (novice MDFi)
  4996 | D:7      | Noticed zenocrate's ghost (novice TrDe)
  5017 | D:7      | Found a staircase to the Ecumenical Temple.
  5026 | Temple   | Entered the Ecumenical Temple
  5041 | Temple   | Became a worshipper of Gozag Ym Sagoz the Greedy
  5091 | D:7      | Noticed Prince Ribbit
  5096 | D:7      | Killed Prince Ribbit
  5097 | D:7      | Reached XP level 9. HP: 38/45 MP: 14/18
  5256 | D:7      | Found a flagged portal.
  5271 | Bailey   | Entered a bailey
  5337 | Bailey   | Reached skill level 9 in Earth Magic
  6215 | Bailey   | Noticed an orc warlord
  6630 | D:7      | Reached skill level 10 in Earth Magic
  6694 | D:6      | HP: 1/45 [acid (10)]
  6701 | D:7      | HP: 2/45 [ufetubus (4)]
  6716 | D:7      | Slain by a hound

Illustrated notes

Levels and vault maps discovered:
D:1:      roderic_octagonal_star, layout_basic, basic_ecumenical_altar,
          hangedman_decor_points, chequers_serial_rivers_room_b
D:2:      layout_loops_corners, corexii_shack
D:3:      layout_rooms, st_stairs_4
D:4:      layout_basic, chequers_serial_rivers_small_b, uniq_sigmund,
          uniq_menkaure, uniq_natasha
D:5:      layout_rooms, doesnt_shop_hydraphobe
D:6:      layout_basic, nzn_random_ring
D:7:      layout_rooms, minmay_temple_entry_mist, gammafunk_ghost_cemetery,
          enter_bailey_2, uniq_prince_ribbit1
D:8:      layout_rooms, lemuel_zombie_altar_yredelemnul,
          nicolae_dithmenos_through_a_glass_darkly, minmay_lair_entry_grove,
          fountainhead, hangedman_abyss_or_decor_stabs, minmay_circle_x,
          uniq_jeremiah, uniq_psyche
Temple:   lightli_temple_of_artemis

Skill      XL: |  1  2  3  4  5  6  7  8  9 |
---------------+----------------------------+-----
Earth Magic    | 4 5 6 7 8 10 | 10.1
Conjurations   | 2 3 4 5 7 8 |  8.6
Spellcasting   | 3 4 5 6 7 |  7.5
Dodging        | |  1.5
Stealth        | |  2.1

Action                     |  1- 3 |  4- 6 |  7- 9 || total
---------------------------+-------+-------+-------++-------
  Melee: Unarmed           |     7 |       |       ||     7
         Dagger            |       |    21 |    10 ||    31
   Cast: Sandblast         |    38 |    51 |   121 ||   210
         Stone Arrow       |       |     2 |    45 ||    47
 Invoke: Potion Petition   |       |       |     1 ||     1
    Use: Potion            |       |     2 |     2 ||     4
         Scroll            |       |       |     8 ||     8
   Stab: Sleeping          |       |     1 |       ||     1
 Armour: Robe              |     6 |    35 |    93 ||   134
         Skin              |       |       |     2 ||     2
  Dodge: Dodged            |     8 |    29 |    65 ||   102

Table legend: (Time is in decaauts)
 A = Elapsed time spent in this place.
 B = Non-inter-level travel time spent in this place.
 C = Inter-level travel time spent in this place.
 D = Time resting spent in this place.
 E = Time spent auto-exploring this place.
 F = Levels seen in this place.
 G = Mean time per level.
                   A        B        C        D        E       F      G
               +--------+--------+--------+--------+--------+-----+--------+
         Total |   6824 |   6423 |    401 |   1419 |   3491 |  10 |  682.4 |
       Dungeon |   5739 |   5338 |    401 |    877 |   3491 |   8 |  717.4 |
        Temple |     29 |     29 |      0 |      0 |      0 |   1 |   29.0 |
        Bailey |   1055 |   1055 |      0 |    542 |      0 |   1 | 1055.0 |
               +--------+--------+--------+--------+--------+-----+--------+

Top non-repeatable levels by time:
     D:4: 1419 daAuts
     D:2: 1202 daAuts
  Bailey: 1055 daAuts
     D:6: 811 daAuts
     D:3: 765 daAuts
     D:7: 747 daAuts
     D:5: 609 daAuts
     D:1: 179 daAuts
  Temple: 29 daAuts
     D:8: 5 daAuts
